 Dungeon Crawl Stone Soup version 0.30-a0-883-g5ad918d77d (webtiles) character file.

Game seed: 1444709012186092799

4963 FexLirch the Basher (level 10, -4/92 HPs)
             Began as an Armataur Fighter on Mar 16, 2023.
             Was a Follower of Uskayaw.
             Slain by a two-headed ogre
             ... wielding a +0 giant club
              (20 damage)
             ... on level 9 of the Dungeon.
             The game lasted 00:17:08 (9173 turns).

FexLirch the Basher (Armataur Fighter)              Turns: 9173, Time: 00:17:08

Health: -4/92      AC: 12    Str: 25    XL:     10   Next: 28%
Magic:  0/15       EV:  8    Int:  9    God:    Uskayaw [*.....]
Gold:   637        SH:  4    Dex: 10    Spells: 9/9 levels left

rFire   . . .      SeeInvis .    I - +6 hand axe (freeze)
rCold   . . .      Faith    .    c - +0 buckler
rNeg    . . .      Spirit   +    B - +3 ring mail
rPois   .          Reflect  .    y - +1 helmet
rElec   .          Roll     +    E - +0 cloak
rCorr   .                        (no gloves)
Will    .....                    (no barding) Stlth
                                 z - amulet of guardian spirit
HPRegen 0.35/turn                (no ring)
MPRegen 0.14/turn                (no ring)

@: no status effects
A: large, rugged brown scales 3, deformed body, armoured tail, roll, long
tongue, awkward tongue
a: Renounce Religion, Stomp


You were on level 9 of the Dungeon.
You worshipped Uskayaw.
Uskayaw was noncommittal.
You visited 1 branch of the dungeon, and saw 9 of its levels.

You collected 637 gold pieces.

Inventory:

Hand Weapons
 i - a +0 sling
 o - the +0 whip of Salt {elec, +Blink rF+}
   (You found it on level 6 of the Dungeon)

   rF:        It protects you from fire.
   +Blink:    It lets you blink.
 w - a +0 war axe
 C - a +2 flail of protection
 F - a +0 heavy hammer
 I - a +6 hand axe of freezing (weapon)
Missiles
 a - 14 poisoned darts (quivered)
 e - 72 stones
 D - 6 boomerangs
 G - 8 silver javelins
 K - 2 curare-tipped darts
 L - a throwing net
Armour
 b - a +0 scale mail
 c - a +0 buckler (worn)
 g - a +1 plate armour of positive energy
 y - a +1 helmet (worn)
 A - a scarf of shadows
 B - a +3 ring mail (worn)
 E - a +0 cloak (worn)
Jewellery
 z - an amulet of guardian spirit (around neck)
 P - a ring of magical power
Wands
 n - a wand of flame (19)
 q - a wand of mindburst (31)
 x - a wand of iceblast (6)
Scrolls
 f - a scroll of brand weapon {unknown}
 j - 2 scrolls of immolation
 k - 3 scrolls of enchant weapon {unknown}
 m - a scroll of teleportation
 p - 2 scrolls of silence
 v - a scroll of blinking {unknown}
 J - a scroll of fog {unknown}
 N - a scroll of fear {unknown}
 O - a scroll of identify
Potions
 d - 4 potions of might
 h - 2 potions of haste
 l - 2 potions of ambrosia
 r - a potion of degeneration {unknown}
 s - 3 potions of flight
 t - a potion of berserk rage {unknown}
 u - 2 potions of curing
 H - a potion of invisibility {unknown}
 M - a potion of brilliance


   Skills:
 + Level 7.5 Fighting
 * Level 10.2 Maces & Flails
 - Level 3.6 Armour
 + Level 4.0 Shields
 + Level 6.9 Invocations


You had 9 spell levels left.
You didn't know any spells.
Your spell library contained the following spells:

 Spells                   Type           Power      Damage    Failure   Level
 Apportation              Tloc           0%         N/A       58%         1
 Beastly Appendage        Tmut           0%         N/A       58%         1
 Sandblast                Erth           0%         2d4       58%         1
 Shock                    Conj/Air       0%         1d3       58%         1
 Passwall                 Tmut/Erth      0%         N/A       75%         2
 Wereblood                Tmut           0%         N/A       75%         2
 Spider Form              Tmut/Pois      0%         N/A       92%         3
 Stone Arrow              Conj/Erth      0%         3d7       92%         3
 Swiftness                Air            0%         N/A       92%         3
 Airstrike                Air            0%         2d(0-16)  100%        4
 Alistair's Intoxication  Tmut/Pois      0%         N/A       100%        5


Dungeon Overview and Level Annotations

Branches:
Dungeon (9/15)             Temple (0/1) D:6            Lair (0/5) D:8
    Orc (0/2) D:9

Altars:
Uskayaw
Zin

Shops:
D:2 (   D:9 (

Annotations:
D:5 3 runed translucent doors, retardedninja's ghost, novice MiFi


Innate Abilities, Weirdness & Mutations

You are completely covered in rugged brown scales. (AC +3, +7% HP)
Armour fits poorly on your strangely shaped body.
You have a long armoured tail.
You roll when moving toward enemies. (Rampage)
Your long tongue fully drains potion bottles. (2x potion effects)
Your tongue gives you trouble enunciating. (1.5x scroll delay)


Message History

The two-headed ogre hits you with a +0 giant club!!
The two-headed ogre hits you with a +0 giant club!
You can now pass through a line of other dancers.
Aiming: Line Pass
Press: ? - help, Dir - move target, p - two-headed ogre The two-headed ogre appears confused.
You can no longer pass through a line of other dancers.
The two-headed ogre seems less confused.
Okay, then.
Unknown command.
You slash the two-headed ogre! You freeze the two-headed ogre.
The two-headed ogre is severely wounded.
The two-headed ogre hits you with a +0 giant club.
The two-headed ogre barely misses you.
Okay, then.
Unknown command.
You hit the two-headed ogre but do no damage.
Your tail-slap misses the two-headed ogre.
The two-headed ogre is severely wounded.
The two-headed ogre barely misses you.
The two-headed ogre completely misses you.
Okay, then.
Unknown command.
You hit the two-headed ogre but do no damage.
Your tail-slap misses the two-headed ogre.
The two-headed ogre is severely wounded.
The two-headed ogre looks more healthy.
The two-headed ogre hits you but does no damage.
The two-headed ogre hits you with a +0 giant club.
You stomp with the beat, sending a shockwave through the revellers around you!
The two-headed ogre is almost dead.
You can no longer stomp with the beat.
You can now stomp with the beat.
Okay, then.
Unknown command.
You barely miss the two-headed ogre.
The two-headed ogre is almost dead.
The two-headed ogre hits you with a +0 giant club!!
* * * LOW HITPOINT WARNING * * *
The two-headed ogre hits you with a +0 giant club!!
You die...

#.. ##...........#
#####..#######..########.#.
................# #...
####.#.)######.# #..#
##.##..#####.# #..#
..........#..# ###.##
.(..........## ##.††#.
...........#######..†...
.#(..!@O...........#.#.
#.#..$.......)#.........
#.........).....##....
#...∩.>...)))...#..##.
#.................##..
#................###.#
................#.# #..
##...........#.##.# #.#
##........###.##.# #.


You could see a two-headed ogre.

Vanquished Creatures
  A hornet (D:9)
  A wyvern (D:9)
  4 yaks (D:9)
  2 steam dragons
  2 water moccasins
  3 ice beasts
  An orc warrior (D:7)
  A black bear (D:8)
  A centaur (D:9)
  3 ogres
  A phantom (D:7)
  2 kobold brigands
  3 bullfrogs
  2 scorpions
  7 wights
  12 killer bees
  3 howler monkeys
  2 jellies
  Crazy Yiuf (D:4)
  A gnoll bouda (D:8)
  2 hounds
  9 orc priests
  A sleepcap (D:5)
  An iguana (D:3)
  Natasha (twice) (D:3)
  12 orc wizards
  Robin (D:3)
  16 gnolls
  11 adders
  A shadow imp (D:7)
  2 white imps (D:6)
  A worm (D:3)
  3 dart slugs
  21 orcs
  5 bats
  3 endoplasms
  3 giant cockroaches
  12 goblins
  11 hobgoblins
  4 jackals (D:1)
  4 quokkas
  13 ball pythons
  2 frilled lizards
  19 kobolds
  4 rats
216 creatures vanquished.

Vanquished Creatures (others)
  2 goblins (D:3)
2 creatures vanquished.

Grand Total: 218 creatures vanquished

Notes
Turn   | Place    | Note
-------+----------+-------------------------------------------
     0 | D:1      | FexLirch the Armataur Fighter began the quest for the Orb.
     0 | D:1      | Reached XP level 1. HP: 19/19 MP: 1/1
    66 | D:1      | Reached skill level 2 in Maces & Flails
   170 | D:1      | Found a faded altar of an unknown god.
   179 | D:1      | Prayed at the altar of an unknown god.
   179 | D:1      | Became a worshipper of Uskayaw the Reveller
   179 | D:1      | Reached * piety under Uskayaw
   190 | D:1      | Reached XP level 2. HP: 18/26 MP: 2/2
   351 | D:1      | Reached ** piety under Uskayaw
   620 | D:1      | Reached *** piety under Uskayaw
   753 | D:1      | Reached XP level 3. HP: 30/33 MP: 3/3
   909 | D:2      | Reached skill level 3 in Maces & Flails
  1319 | D:2      | Reached XP level 4. HP: 40/40 MP: 4/4
  1605 | D:2      | Found Isecojop's Weapon Emporium.
  2063 | D:3      | Noticed Natasha
  2069 | D:3      | Killed Natasha
  2102 | D:3      | Reached skill level 4 in Maces & Flails
  2102 | D:3      | Reached XP level 5. HP: 36/49 MP: 5/5
  2302 | D:3      | Noticed Robin
  2331 | D:3      | Killed Robin
  2641 | D:3      | Noticed Natasha
  2647 | D:3      | Killed Natasha
  2648 | D:3      | Reached skill level 1 in Invocations
  2828 | D:3      | Reached XP level 6. HP: 44/55 MP: 4/6
  3006 | D:4      | Reached skill level 5 in Maces & Flails
  3163 | D:4      | Found a runed translucent door.
  3164 | D:4      | Noticed Crazy Yiuf
  3536 | D:4      | Noticed an ice beast
  3546 | D:4      | Killed an ice beast
  3547 | D:4      | Reached XP level 7. HP: 56/64 MP: 6/8
  4080 | D:4      | Killed Crazy Yiuf
  4125 | D:5      | Entered Level 5 of the Dungeon
  4296 | D:5      | Reached skill level 6 in Maces & Flails
  4311 | D:5      | Found a glowing silver altar of Zin.
  4379 | D:5      | Reached skill level 5 in Fighting
  4438 | D:5      | Found a runed translucent gate.
  4439 | D:5      | Found a runed translucent gate.
  4440 | D:5      | Found a runed translucent gate.
  4440 | D:5      | Noticed retardedninja's ghost (novice MiFi)
  4652 | D:5      | Reached XP level 8. HP: 68/72 MP: 8/10
  5314 | D:6      | Reached **** piety under Uskayaw
  5315 | D:6      | Reached skill level 7 in Maces & Flails
  5318 | D:6      | Reached ***** piety under Uskayaw
  5539 | D:6      | Found a staircase to the Ecumenical Temple.
  5982 | D:6      | Reached skill level 8 in Maces & Flails
  5985 | D:6      | Reached skill level 5 in Invocations
  5988 | D:6      | Reached XP level 9. HP: 58/80 MP: 0/12
  6114 | D:6      | Identified the +0 whip of Salt {elec, +Blink rF+}
  7288 | D:7      | Reached skill level 9 in Maces & Flails
  7587 | D:8      | Found a staircase to the Lair.
  8506 | D:9      | Noticed a two-headed ogre
  8704 | D:9      | Reached XP level 10. HP: 65/92 MP: 10/14
  8712 | D:9      | Reached ****** piety under Uskayaw
  8958 | D:9      | Reached skill level 10 in Maces & Flails
  9121 | D:9      | Found a staircase to the Orcish Mines.
  9126 | D:9      | Found Eschin's Weapon Shop.
  9173 | D:9      | Slain by a two-headed ogre

Illustrated notes

Levels and vault maps discovered:
D:1:      dpeg_arrival_signposts, layout_basic, shapermc_ecumenical_altar_venn
D:2:      layout_basic, serial_shops, nicolae_shop_behind_doors
D:3:      layout_basic, minmay_surrounded, uniq_robin, uniq_natasha
D:4:      layout_layer_cave, uniq_crazy_yiuf_cottage
D:5:      layout_loops_cross, nicolae_overflow_crystal_walls, serial_glass,
          glass_columns_a, glass_columns_a, glass_columns_c, glass_columns_b,
          glass_columns_b, ebering_ghost_rock_garden, kennysheep_generic_room_16
D:6:      layout_rooms, minmay_temple_entry_tees, st_stairs_9
D:7:      layout_layer_cave
D:8:      layout_loops_cross, lair_entry_dummy, minmay_misc_feat_secret_circle
D:9:      layout_rooms, orc_david_3

Skill      XL: |  1  2  3  4  5  6  7  8  9 10 |
---------------+-------------------------------+-----
Maces & Flails | 2 3 4 5 6 8 9 10 | 10.2
Fighting       | 3 4 5 6 7 |  7.5
Invocations    | 1 2 3 5 6 |  6.9
Shields        | 4 |  4.0
Armour         | |  3.6

Action                     |  1- 3 |  4- 6 |  7- 9 | 10-12 || total
---------------------------+-------+-------+-------+-------++-------
  Melee: Flail             |   116 |   159 |   178 |       ||   453
         Tailslap          |    14 |    14 |    37 |     4 ||    69
         War axe           |       |       |     7 |       ||     7
         Hand axe          |       |       |    97 |    39 ||   136
         Whip              |       |       |    36 |       ||    36
  Throw: Boomerang         |       |       |    22 |       ||    22
         Dart              |       |       |       |     3 ||     3
 Invoke: Stomp             |       |     5 |     6 |     4 ||    15
         Line Pass         |       |     1 |     2 |     1 ||     4
  Evoke: Wand              |       |       |       |     2 ||     2
    Use: Scroll            |       |       |     9 |     2 ||    11
         Potion            |       |       |     7 |     1 ||     8
   Stab: Paralysed         |     1 |     3 |    13 |     5 ||    22
         Confused          |       |     1 |       |       ||     1
 Armour: Scale mail        |    10 |       |       |       ||    10
         Plate armour      |    75 |    88 |       |       ||   163
         Ring mail         |       |    33 |   183 |    17 ||   233
         Skin              |       |       |    16 |    18 ||    34
  Dodge: Dodged            |    16 |    45 |   104 |    16 ||   181
  Block: Buckler           |    27 |    25 |    63 |     8 ||   123

Table legend: (Time is in decaauts)
 A = Elapsed time spent in this place.
 B = Non-inter-level travel time spent in this place.
 C = Inter-level travel time spent in this place.
 D = Time resting spent in this place.
 E = Time spent auto-exploring this place.
 F = Levels seen in this place.
 G = Mean time per level.
                   A        B        C        D        E       F      G
               +--------+--------+--------+--------+--------+-----+--------+
         Total |   9269 |   9005 |    264 |    919 |   6425 |   9 | 1029.9 |
       Dungeon |   9269 |   9005 |    264 |    919 |   6425 |   9 | 1029.9 |
               +--------+--------+--------+--------+--------+-----+--------+

Top non-repeatable levels by time:
     D:4: 1281 daAuts
     D:3: 1250 daAuts
     D:7: 1227 daAuts
     D:5: 1186 daAuts
     D:8: 1124 daAuts
     D:6: 977 daAuts
     D:1: 913 daAuts
     D:2: 760 daAuts
     D:9: 547 daAuts
